 Dungeon Crawl Stone Soup version 0.29.0-4-gdea44cf6ec (webtiles) character file.

Game seed: 1703056741256060963

102 qw the Chopper (level 4, 0/26 HPs)
             Began as a Tengu Warper on Aug 28, 2022.
             Slain by a gnoll
             ... wielding a +0 spear
              (5 damage)
             ... on level 2 of the Dungeon.
             The game lasted 00:00:10 (1955 turns).

qw the Chopper (Tengu Warper)                       Turns: 1955, Time: 00:00:11

Health: 0/26       AC:  6    Str: 14    XL:     4   Next: 78%
Magic:  8/8        EV:  9    Int: 13    God:
Gold:   142        SH:  0    Dex: 13    Spells: 7/7 levels left

rFire   . . .      SeeInvis .   h - +0 war axe
rCold   . . .      Faith    .   (no shield)
rNeg    . . .      Spirit   .   e - +0 scale mail
rPois   .          Reflect  .   (helmet restricted)
rElec   .          Harm     .   (no cloak)
rCorr   .          Rampage  .   (no gloves)
Will    +....                   (boots unavailable)
Stlth   ..........              (no amulet)
HPRegen 0.08/turn               f - ring of willpower
MPRegen 0.11/turn               (no ring)

@: no status effects
A: beak, talons 3
a: no special abilities


You were on level 2 of the Dungeon.
You visited 1 branch of the dungeon, and saw 2 of its levels.

You collected 142 gold pieces.


Innate Abilities, Weirdness & Mutations

You have a beak for a mouth.
You have claws for feet.


   Skills:
 - Level 2.0 Fighting
 + Level 5.3 Axes
 - Level 1.0 Throwing
 - Level 1.1 Armour
 - Level 2.1 Dodging
 - Level 2.0 Spellcasting
 - Level 2.4 Translocations


You had 7 spell levels left.
You didn't know any spells.
Your spell library contained the following spells:

 Spells                   Type           Power      Damage    Failure   Level
 Blink                    Tloc           14%        N/A       54%         2
 Gell's Gravitas          Tloc           7%         N/A       77%         3
 Lesser Beckoning         Tloc           7%         N/A       77%         3
 Teleport Other           Tloc           7%         N/A       77%         3
 Manifold Assault         Tloc           7%         N/A       100%        5

Inventory:

Hand Weapons
 a - a +0 flail
 h - a +0 war axe (weapon)
Armour
 c - a +0 plate armour
 e - a +0 scale mail (worn)
Jewellery
 f - a ring of willpower (left hand)
Scrolls
 b - a scroll of teleportation {unknown}
 j - a scroll of identify {unknown}
 k - a scroll of magic mapping {unknown}
Potions
 d - 4 potions of curing {unknown}
 g - a potion of heal wounds {unknown}
 i - a potion of degeneration {unknown}

Dungeon Overview and Level Annotations

Branches:
Dungeon (2/15)

Altars:
Gozag


Message History

A gnoll comes into view. It is wielding a +0 spear.
The gnoll barely misses you.
You closely miss the gnoll. The gnoll hits you but does no damage.
You closely miss the gnoll. You claw the gnoll. Your peck misses the gnoll.
The gnoll is lightly wounded.
The gnoll hits you with a +0 flail of protection!
The gnoll hits you from afar with a +0 spear.
You barely miss the gnoll.
The gnoll is lightly wounded.
The gnoll misses you. The gnoll closely misses you.
The gnoll barely misses you.
The gnoll hits you from afar with a +0 spear.
You closely miss the gnoll. You claw the gnoll.
The gnoll is moderately wounded.
The gnoll hits you but does no damage.
The gnoll hits you from afar with a +0 spear.
You hit the gnoll but do no damage. Your kick misses the gnoll.
You peck the gnoll, but do no damage.
The gnoll is moderately wounded.
The gnoll hits you but does no damage. x2
You hit the gnoll. You claw the gnoll.
You kill the gnoll!
The gnoll closely misses you. The gnoll barely misses you.
Things that are here:
a +0 flail of protection; a +0 leather armour; a gnoll corpse You closely miss the gnoll.
You peck the gnoll.
The gnoll is moderately wounded.
The gnoll hits you with a +0 spear. x2
You barely miss the gnoll. You claw the gnoll! Your peck misses the gnoll.
The gnoll is severely wounded.
The gnoll hits you with a +0 spear.
You hit the gnoll but do no damage. Your kick misses the gnoll.
You peck the gnoll, but do no damage.
The gnoll is severely wounded.
The gnoll hits you but does no damage.
You hit the gnoll but do no damage. You claw the gnoll.
The gnoll is almost dead.
The gnoll hits you with a +0 spear.
You die...

#.##....#
##.......#...#.## #
#. ######
#........).#...######
#
#.......##...........
#.......#####.######.
######### #.# ## #.#
# ###.# #
##########...# ##
#.g@..)....### ##.
......########## ##.)
##### ###...
####..... ##....####
#....## #...## #####


You could see a gnoll.

Vanquished Creatures
  Robin (D:2)
  2 gnolls (D:2)
  3 adders (D:2)
  2 dart slugs (D:2)
  A bat (D:1)
  3 endoplasms (D:1)
  A giant cockroach (D:2)
  9 goblins
  7 hobgoblins
  3 jackals (D:2)
  2 frilled lizards
  3 kobolds
  3 rats (D:1)
40 creatures vanquished.

Notes
Turn   | Place    | Note
-------+----------+-------------------------------------------
     0 | D:1      | qw the Tengu Warper began the quest for the Orb.
     0 | D:1      | Reached XP level 1. HP: 12/12 MP: 4/4
     0 | D:1      | 0 ||| qw: Version: 0.1-a-89-g26bdef1
     0 | D:1      | 0 ||| qw: Game counter: 1480
     0 | D:1      | 0 ||| qw: Always use a shield: true
     0 | D:1      | 0 ||| qw: God list: Okawaru
     0 | D:1      | 0 ||| qw: Allow faded altars: false
     0 | D:1      | 0 ||| qw: Do Orc after D:15 true
     0 | D:1      | 0 ||| qw: Do second Lair branch before Depths: true
     0 | D:1      | 0 ||| qw: Lair rune preference: random
     0 | D:1      | 0 ||| qw: Plans: Normal
     0 | D:1      | 0 ||| PLANNING D:1-11
   315 | D:1      | Reached XP level 2. HP: 16/17 MP: 6/6
   356 | D:1      | Reached skill level 3 in Axes
  1003 | D:1      | 1003 ||| UPGRADING to +0 scale mail.
  1013 | D:1      | 1013 ||| DROPPING +0 leather armour.
  1014 | D:1      | 1014 ||| UPGRADING to ring of willpower.
  1015 | D:1      | 1015 ||| DROPPING scroll of blinking.
  1125 | D:2      | Reached skill level 4 in Axes
  1125 | D:2      | Reached XP level 3. HP: 11/21 MP: 7/7
  1325 | D:2      | Found an opulent altar of Gozag.
  1393 | D:2      | 1393 ||| SWAPPING to +0 war axe.
  1394 | D:2      | 1394 ||| DROPPING +0 hand axe.
  1464 | D:2      | 1464 ||| Stepping ~*~*~tactically~*~*~ (stealth).
  1475 | D:2      | 1475 ||| DROPPING +0 club.
  1485 | D:2      | Noticed Robin
  1486 | D:2      | 1486 ||| Stepping ~*~*~tactically~*~*~ (stealth).
  1493 | D:2      | Killed Robin
  1494 | D:2      | Reached XP level 4. HP: 26/26 MP: 8/8
  1761 | D:2      | Reached skill level 5 in Axes
  1952 | D:2      | HP: 6/26 [gnoll/+0 spear (3)]
  1955 | D:2      | Slain by a gnoll

Levels and vault maps discovered:
D:1:      sevenhm_arrival_forest_fort_large_2, layout_basic
D:2:      layout_rooms, basic_altar, uniq_robin

Skill      XL: |  1  2  3  4 |
---------------+-------------+-----
Axes           | 4 5 |  5.3
Fighting       | |  2.0
Throwing       | |  1.0
Armour         | |  1.1
Dodging        | |  2.1
Spellcasting   | |  2.0
Translocations | |  2.4

Action                   |  1- 3 |  4- 6 || total
-------------------------+-------+-------++-------
Melee: Hand axe          |    44 |       ||    44
       Kick              |    14 |    10 ||    24
       Peck              |     7 |     6 ||    13
       War axe           |    16 |    40 ||    56
Throw: Boomerang         |     7 |       ||     7
Armor: Leather armour    |     3 |       ||     3
       Scale mail        |    25 |    15 ||    40
Dodge: Dodged            |    22 |    19 ||    41

Table legend:
 A = Non-vault XP
 B = Vault XP
 C = Vault XP percentage of total XP
 D = Non-vault monster count
 E = Vault monster count
 F = Vault count percentage of total count
                 A         B        C        D         E       F
            +---------+---------+-------+---------+---------+-------
      Total |     110 |      37 |  25.2 |      28 |      12 |  30.0
            +---------+---------+-------+---------+---------+-------
        D:1 |      19 |       0 |   0.0 |      12 |       0 |   0.0
        D:2 |      91 |      37 |  28.9 |      16 |      12 |  42.9
            +---------+---------+-------+---------+---------+-------
